 Dungeon Crawl Stone Soup version 0.25-a0-424-g80bd347ae0 (webtiles) character file.

Game seed: 9497799616338354295, levelgen mode: deterministic

93 zorance the Ogre Mage (level 4, -8/39 HPs)
             Began as an Ogre Wizard on Jan 20, 2020.
             Killed from afar by Ijyb (9 damage)
             ... with a burst of metal fragments
             ... on level 3 of the Dungeon.
             The game lasted 00:05:40 (3088 turns).

zorance the Ogre Mage (Ogre Wizard)                 Turns: 3088, Time: 00:05:41

Health: -8/39      AC:  3    Str: 11    XL:     4   Next: 62%
Magic:  4/10       EV: 10    Int: 20    God:
Gold:   116        SH:  0    Dex:  7    Spells: 1/11 levels left

rFire    . . .     SeeInvis .   n - +0 quarterstaff
rCold    . . .     Gourm    .   (shield currently unavailable)
rNeg     . . .     Faith    .   a - +0 robe
rPois    .         Spirit   .   b - +0 hat
rElec    .         Reflect  .   (no cloak)
rCorr    .         Harm     .   (gloves unavailable)
MR       .....                  (boots unavailable)
Stlth    +.........             (no amulet)
HPRegen  0.13/turn              (no ring)
MPRegen  0.12/turn              (no ring)

@: no status effects
A: large, unfitting armour, tough skin 1
a: no special abilities


You were on level 3 of the Dungeon.
You were not hungry.

You visited 1 branch of the dungeon, and saw 3 of its levels.

You collected 116 gold pieces.

Inventory:

Hand Weapons
 k - a +0 spear
 n - a +0 quarterstaff (weapon)
Missiles
 m - 3 datura-tipped darts (quivered)
Armour
 a - a +0 robe (worn)
 b - a +0 hat (worn)
Jewellery
 o - a cursed -2 ring of strength {unknown}
 q - an uncursed ring of wizardry {unknown}
Scrolls
 i - a scroll of teleportation
 l - a scroll of magic mapping
 r - a scroll of amnesia {unknown}
Potions
 c - a potion of mutation
 e - a potion of might {unknown}
 f - a potion of heal wounds {unknown}
 g - a potion of invisibility {unknown}
 h - a potion of berserk rage {unknown}
 p - 2 potions of ambrosia
Comestibles
 d - 3 rations


   Skills:
 - Level 1.7 Dodging
 - Level 1.4 Stealth
 + Level 4.3 Spellcasting
 * Level 2.8 Conjurations
 - Level 0.8 Summonings
 - Level 0.8 Translocations
 + Level 0.9 Air Magic
 + Level 1.0 Poison Magic


You had one spell level left.
You knew the following spells:

 Your Spells              Type           Power        Failure   Level  Hunger
a - Magic Dart            Conj           ###.         3%          1    None
b - Call Imp              Summ           #.......     13%         2    #......
c - Mephitic Cloud        Conj/Pois/Air  ##......     19%         3    ###....
d - Slow                  Hex            #.......     19%         2    #......
e - Blink                 Tloc           N/A          13%         2    #......

Your spell library contained the following spells:

 Spells                   Type           Power        Failure   Level  Hunger
 Corpse Rot               Necr/Air       N/A          16%         2    #......
 Sublimation of Blood     Necr           #.........   19%         2    #......
 Conjure Flame            Conj/Fire      ##......     21%         3    ###....
 Dispel Undead            Necr           #.......     77%         4    ####...
 Agony                    Necr           #.......     98%         5    ######.
 Excruciating Wounds      Chrm/Necr      #.........   98%         5    ######.


Dungeon Overview and Level Annotations

Branches:
Dungeon (3/15)

Altars:
Cheibriados
Hepliaklqana

Annotations:
D:3 Ijyb


Innate Abilities, Weirdness & Mutations

You are too large for most types of armour.
You have tough skin. (AC +1)


Message History

Press: ? - help, v - describe, . - travel
Here: a crimson imp (friendly, summoned)
The floor.
Your crimson imp blinks!
Your crimson imp misses Ijyb.
Your shadow imp hits Ijyb but does no damage.
Ijyb hits you with a +0 dagger.
* * * LOW HITPOINT WARNING * * *
Your crimson imp blinks!
Your crimson imp hits Ijyb but does no damage.
Your shadow imp closely misses Ijyb.
Your crimson imp closely misses Ijyb.
Your shadow imp hits Ijyb.
Ijyb zaps a wand.
The burst of metal fragments hits your shadow imp!
Your shadow imp dies!
Your crimson imp barely misses Ijyb.
Ijyb zaps a wand.
The burst of metal fragments hits you.
* * * LOW HITPOINT WARNING * * *
The burst of metal fragments hits you!
You die...

############ #....>.....# **
#####..........# *,
##...#..........# *,
####.†.............### **,
#............<.......#*****,,
**,#.....5...[......#.##..,,,*
******#..5g..@.<..........,,,,
***>***#........[....#..#..****
*8,,,8*#...................,,,,
**,,,,,*#.................#.***,
*8,,,,,8#....#.#..#.###...#,**,,
**,,,,,*#<(..#.#....# *...#,**,*
*8,,,8*#..#.########***###*****
**,,,,,*###..#,,,,,,,,,,,,,,,,,,
*8,,,,,8* *..#,,*,,,*,,,*,,,*,,,


You could see Ijyb and 2 friendly crimson imps.

Vanquished Creatures
  An adder (D:1)
  3 oozes (D:2)
  A worm (D:2)
  6 dart slugs
  2 leopard geckos
  4 bats
  2 giant cockroaches
  6 goblins
  5 hobgoblins
  4 jackals (D:2)
  A quokka (D:2)
  A ball python (D:1)
  3 frilled lizards
  5 kobolds
  7 rats
51 creatures vanquished.

Vanquished Creatures (collateral kills)
  A leopard gecko (D:2)
  2 jackals (D:2)
3 creatures vanquished.

Grand Total: 54 creatures vanquished

Notes
Turn   | Place    | Note
-------+----------+-------------------------------------------
     0 | D:1      | zorance the Ogre Wizard began the quest for the Orb.
     0 | D:1      | Reached XP level 1. HP: 16/16 MP: 5/5
     5 | D:1      | Reached skill level 1 in Conjurations
   353 | D:1      | Reached XP level 2. HP: 21/24 MP: 1/6
   449 | D:1      | Learned a level 2 spell: Call Imp
   799 | D:1      | Reached skill level 4 in Spellcasting
   970 | D:1      | Reached XP level 3. HP: 31/31 MP: 1/8
  1041 | D:1      | Learned a level 3 spell: Mephitic Cloud
  1044 | D:1      | Learned a level 2 spell: Slow
  1047 | D:1      | Learned a level 2 spell: Blink
  1755 | D:2      | Found a snail-covered altar of Cheibriados.
  1841 | D:2      | Found a faded altar of an unknown god.
  1901 | D:2      | Reached XP level 4. HP: 39/39 MP: 3/10
  2813 | D:2      | Reached skill level 1 in Poison Magic
  2942 | D:2      | Found a hazy altar of Hepliaklqana.
  3074 | D:3      | Noticed Ijyb
  3088 | D:3      | HP: 1/39 [Ijyb/burst of metal fragments (2)]
  3088 | D:3      | Killed from afar by Ijyb

Levels and vault maps discovered:
D:1:      dpeg_arrival_shelter, layout_basic, chequers_arboretum
D:2:      layout_rooms, marbit_many_paths, kennysheep_slug_shrine,
          chequers_ecumenical_altar_island
D:3:      layout_rooms, lemuel_coloured_pillars_altar,
          nicolae_overflow_hidden_temple, chequers_big_river,
          grunt_decor_mini_mirrors, grunt_ministairs_1, uniq_grinder, uniq_ijyb

Skill      XL: |  1  2  3  4 |
---------------+-------------+-----
Conjurations   | 1 2 |  2.8
Spellcasting   | 4 |  4.3
Poison Magic   | 1 |  1.0
Dodging        | |  1.7
Stealth        | |  1.4
Summonings     | |  0.8
Translocations | |  0.8
Air Magic      | |  0.9

Action                   |  1- 3 |  4- 6 || total
-------------------------+-------+-------++-------
Melee: Short sword       |    19 |       ||    19
       Quarterstaff      |       |    34 ||    34
 Cast: Magic Dart        |    86 |    50 ||   136
       Call Imp          |     1 |     4 ||     5
  Use: Scroll            |       |     4 ||     4
  Eat: Chunk             |     3 |     4 ||     7
Armor: Robe              |    10 |    16 ||    26
Dodge: Dodged            |    22 |    40 ||    62

Table legend:
 A = Non-vault XP
 B = Vault XP
 C = Vault XP percentage of total XP
 D = Non-vault monster count
 E = Vault monster count
 F = Vault count percentage of total count
                 A         B        C        D         E       F
            +---------+---------+-------+---------+---------+-------
      Total |     126 |       8 |   6.0 |      52 |       2 |   3.7
            +---------+---------+-------+---------+---------+-------
        D:1 |      48 |       0 |   0.0 |      20 |       0 |   0.0
        D:2 |      74 |       8 |   9.8 |      28 |       2 |   6.7
        D:3 |       4 |       0 |   0.0 |       4 |       0 |   0.0
            +---------+---------+-------+---------+---------+-------
